 Dungeon Crawl Stone Soup version 0.31-a0-187-gba352fbbf7 (webtiles) character file.

Game seed: 213587104841357040

235 IdlyInterested the Trooper (level 5, -2/41 HPs)
             Began as a Demonspawn Fighter on June 22, 2023.
             Slain by Edmund
             ... wielding a +0 heavy flail
              (10 damage)
             ... on level 4 of the Dungeon.
             The game lasted 00:09:14 (3350 turns).

IdlyInterested the Trooper (Demonspawn Fighter)     Turns: 3350, Time: 00:09:15

Health: -2/41      AC:  3    Str: 16    XL:     5   Next: 76%
Magic:  7/7        EV: 10    Int: 15    God:
Gold:   208        SH: 12    Dex: 11    Spells: 7/7 levels left

rFire   . . .        g - +0 short sword
rCold   . . .        c - +0 buckler
rNeg    . . .        h - +0 leather armour
rPois   .            (helmet restricted)
rElec   .            (no cloak)
rCorr   .            (no gloves)
SInv    .            (no boots)
Will    .....        (no amulet)
Stlth   ++           (no ring)
HPRegen 0.26/turn    (no ring)
MPRegen 0.10/turn

%: no passive effects
@: no status effects
A: large bone plates 1, condensation shield, demonic magic 1, weakness stinger
1, horns 1, clever 1
a: no special abilities


You were on level 4 of the Dungeon.
You visited 1 branch of the dungeon, and saw 4 of its levels.

You collected 208 gold pieces.

Inventory:

Hand Weapons
 a - a +0 dagger
 g - a +0 short sword (weapon)
Missiles
 f - 43 stones (quivered)
 p - 6 boomerangs
Armour
 b - a +0 scale mail
 c - a +0 buckler (worn)
 h - a +0 leather armour (worn)
 j - a +0 ring mail
Magical Staves
 k - a staff of earth
 s - a staff of air
 w - a staff of poison
Jewellery
 e - a ring of fire
Wands
 y - a wand of flame (38)
 A - a wand of roots (6)
Scrolls
 n - a scroll of immolation
 x - a scroll of enchant weapon {unknown}
 z - a scroll of noise {unknown}
Potions
 d - a potion of invisibility {unknown}
 i - 3 potions of attraction
 l - a potion of mutation
 m - a potion of curing
 q - a potion of enlightenment
 r - a potion of degeneration {unknown}
 t - a potion of magic {unknown}
 u - a potion of brilliance {unknown}
 v - a potion of ambrosia {unknown}


   Skills:
 - Level 3.2 Fighting
 * Level 3.0 Short Blades
 - Level 1.9 Polearms
 - Level 3.0 Armour
 + Level 2.8 Stealth
 - Level 2.6 Shields
 + Level 1.9 Spellcasting


You had 7 spell levels left.
You didn't know any spells.
Your spell library was empty.

Dungeon Overview and Level Annotations

Branches:
Dungeon (4/15)
 Temple: D:4-7

Altars:

Annotations:
D:4 Edmund


Innate Abilities, Weirdness & Mutations

You are partially covered in large bone plates. (SH +4)
A meltable shield of frost defends you. (SH +4)
Spells you cast may paralyse adjacent enemies.
You have a small tail.
You have a pair of small horns on your head.
Your mind is acute. (Int +4, Str/Dex -1)


Message History

The iguana is heavily wounded.
The iguana hisses menacingly.
The orc throws a boomerang of dispersal.
The boomerang of dispersal hits you.
You blink.
Found a stone staircase leading down.
Edmund the Younger comes into view.
He is wielding a +0 heavy flail.
Edmund shouts!
You hit the orc but do no damage.
Your tail-slap misses the orc.
The orc is severely wounded.
You block the orc's attack.
Okay, then.
You hit the orc but do no damage. Your headbutt misses the orc.
The orc is severely wounded.
The orc barely misses you.
You hit the orc but do no damage. Your headbutt misses the orc.
The orc is severely wounded.
You hit the orc but do no damage. You headbutt the orc, but do no damage.
The orc is severely wounded.
You block the iguana's attack. You block Edmund's attack.
You block the orc's attack.
You closely miss the orc. You headbutt the orc.
You kill the orc!
You block the iguana's attack. Edmund completely misses you.
You feel better. The iguana bites you!
You barely miss the iguana.
The iguana is heavily wounded.
The iguana misses you. You block Edmund's attack.
You closely miss the iguana.
The iguana is heavily wounded.
The iguana closely misses you.
Edmund says, "People will remember me!
They'll remember me and die!"
Edmund hits you with a +0 heavy flail!
* * * LOW HITPOINT WARNING * * *
You hit the iguana. Your headbutt misses the iguana.
The iguana is severely wounded.
You block the iguana's attack.
You closely miss the iguana.
Your tail-slap misses the iguana.
The iguana is severely wounded.
You block the iguana's attack. Edmund hits you with a +0 heavy flail!
You die...

### ..# ...#
#####...#
##.......##
#....#....#
...@..#@.......
#.#
.>..###@####...
#.# ... #)l# .
#.# .. ##.# #.#
. #)# #.# #(##
#.# #.(# #.#
##(# ##<###
#)).# .....#
.......


You could see Edmund and an iguana.

Vanquished Creatures
  Blork the orc (D:4)
  An iguana (D:3)
  2 adders
  2 worms
  6 dart slugs
  12 orcs
  3 ball pythons
  8 endoplasms (D:1)
  5 giant cockroaches
  9 goblins
  4 hobgoblins
  3 jackals (D:1)
  2 quokkas
  6 bats
  3 frilled lizards
  9 kobolds
  10 rats
86 creatures vanquished.

Notes
Turn   | Place    | Note
-------+----------+-------------------------------------------
     0 | D:1      | IdlyInterested the Demonspawn Fighter began the quest for
                  | the Orb.
     0 | D:1      | Reached XP level 1. HP: 18/18 MP: 1/1
     1 | D:1      | Found a runed translucent door.
   156 | D:1      | Gained mutation: Spells you cast may paralyse adjacent
                  | enemies. [demonic ancestry]
   156 | D:1      | Reached XP level 2. HP: 23/24 MP: 2/2
   541 | D:1      | Reached skill level 1 in Stealth
   543 | D:1      | Gained mutation: You are partially covered in large bone
                  | plates. (SH +4) [demonic ancestry]
   543 | D:1      | Reached XP level 3. HP: 25/29 MP: 3/3
   553 | D:1      | Reached skill level 1 in Short Blades
  1369 | D:2      | Gained mutation: A meltable shield of frost defends you.
                  | (SH +4) [demonic ancestry]
  1369 | D:2      | Reached XP level 4. HP: 25/35 MP: 5/5
  1464 | D:2      | Found a faded altar of an unknown god.
  1733 | D:2      | Gained mutation: Your mind is acute. (Int +4, Str/Dex -1)
                  | [potion of mutation]
  1733 | D:2      | Gained mutation: You have a pair of small horns on your
                  | head. [potion of mutation]
  2255 | D:3      | Reached skill level 1 in Spellcasting
  3199 | D:4      | Noticed a bullfrog
  3218 | D:3      | Gained mutation: You have a small tail. [demonic ancestry]
  3218 | D:3      | Reached XP level 5. HP: 41/41 MP: 5/7
  3296 | D:4      | Noticed Blork the orc
  3310 | D:4      | Killed Blork the orc
  3337 | D:4      | Noticed Edmund
  3350 | D:4      | Slain by Edmund

Illustrated notes

Levels and vault maps discovered:
D:1:      dpeg_arrival_caged_fury, layout_basic, minmay_tree_intersection
D:2:      layout_loops_ring, hellmonk_ecumenical_altar_blasted,
          mrwooster_statue_mirror
D:3:      layout_basic
D:4:      layout_rooms, gammafunk_ghost_smash, lexackson_kobold_supper,
          uniq_blork_the_orc, uniq_edmund

Skill      XL: |  1  2  3  4  5 |
---------------+----------------+-----
Armour         | 3 |  3.0
Stealth        | 1 2 |  2.8
Short Blades   | 1 2 3 |  3.0
Spellcasting   | 1 |  1.9
Fighting       | |  3.2
Polearms       | |  1.9
Shields        | |  2.6

Action                     |  1- 3 |  4- 6 || total
---------------------------+-------+-------++-------
  Melee: Trident           |    14 |       ||    14
         Short sword       |   172 |   154 ||   326
         Headbutt          |       |    32 ||    32
         Tailslap          |       |     4 ||     4
  Throw: Dart              |       |     3 ||     3
         Stone             |       |     3 ||     3
  Evoke: Wand              |       |     2 ||     2
    Use: Potion            |     1 |     3 ||     4
         Scroll            |       |     5 ||     5
   Stab: Sleeping          |       |     3 ||     3
 Armour: Scale mail        |    20 |       ||    20
         Leather armour    |    39 |    17 ||    56
  Dodge: Dodged            |    69 |    48 ||   117
  Block: Buckler           |    50 |    77 ||   127

Table legend: (Time is in decaauts)
 A = Elapsed time spent in this place.
 B = Non-inter-level travel time spent in this place.
 C = Inter-level travel time spent in this place.
 D = Time resting spent in this place.
 E = Time spent auto-exploring this place.
 F = Levels seen in this place.
 G = Mean time per level.
                   A        B        C        D        E       F      G
               +--------+--------+--------+--------+--------+-----+--------+
         Total |   3345 |   2829 |    516 |    367 |   1497 |   4 |  836.2 |
       Dungeon |   3345 |   2829 |    516 |    367 |   1497 |   4 |  836.2 |
               +--------+--------+--------+--------+--------+-----+--------+

Top non-repeatable levels by time:
     D:1: 1335 daAuts
     D:2: 1028 daAuts
     D:3: 921 daAuts
     D:4: 60 daAuts
